 Dungeon Crawl Stone Soup version 0.30-a0-760-g5a9884bb7c (webtiles) character file.

Game seed: 340441583243609258

142 epen the Trooper (level 5, -7/47 HPs)
             Began as a Gnoll Wanderer on Feb 10, 2023.
             Killed by divine providence
             ... invoked by an orc priest
              (15 damage)
             ... on level 2 of the Dungeon.
             The game lasted 00:04:08 (1757 turns).

epen the Trooper (Gnoll Wanderer)                   Turns: 1757, Time: 00:04:09

Health: -7/47      AC:  4    Str: 14    XL:     5   Next: 25%
Magic:  1/9        EV: 11    Int:  9    God:
Gold:   141        SH:  0    Dex: 13    Spells: 7/10 levels left

rFire   . . .      SeeInvis .    g - +0 dagger (flame)
rCold   . . .      Faith    .    (no shield)
rNeg    . . .      Spirit   .    d - +0 leather armour
rPois   .          Reflect  .    (no helmet)
rElec   .          Harm     .    (no cloak)
rCorr   .          Rampage  .    (no gloves)
Will    .....                    b - +0 pair of boots
Stlth   ++                       (no amulet)
HPRegen 0.27/turn                (no ring)
MPRegen 0.11/turn                (no ring)

@: no status effects
A: fangs 1, strong nose, distributed training
a: no special abilities


You were on level 2 of the Dungeon.
You visited 1 branch of the dungeon, and saw 2 of its levels.

You collected 141 gold pieces.

Inventory:

Hand Weapons
 a - a +0 club
 f - a +0 short sword
 g - a +0 dagger of flaming (weapon)
Armour
 b - a +0 pair of boots (worn)
 d - a +0 leather armour (worn)
Scrolls
 c - a scroll of vulnerability
 h - a scroll of identify
Potions
 e - a potion of attraction
 k - 2 potions of brilliance


   Skills:
 + Level 6.7 Fighting
 + Level 1.4 Short Blades
 + Level 1.4 Long Blades
 + Level 1.4 Axes
 + Level 1.4 Maces & Flails
 + Level 1.4 Polearms
 + Level 1.4 Staves
 + Level 1.4 Ranged Weapons
 + Level 1.4 Throwing
 + Level 1.4 Armour
 + Level 1.4 Dodging
 + Level 4.4 Stealth
 + Level 1.4 Shields
 + Level 1.4 Unarmed Combat
 + Level 3.1 Spellcasting
 + Level 1.1 Conjurations
 + Level 1.1 Hexes
 + Level 1.1 Summonings
 + Level 1.1 Necromancy
 + Level 1.1 Translocations
 + Level 1.1 Transmutations
 + Level 5.5 Fire Magic
 + Level 1.1 Ice Magic
 + Level 1.1 Air Magic
 + Level 1.1 Earth Magic
 + Level 1.1 Poison Magic
 + Level 3.0 Invocations
 + Level 1.4 Evocations


You had 7 spell levels left.
You knew the following spells:

 Your Spells              Type           Power      Damage    Failure   Level
a - Foxfire               Conj/Fire      28%        2x1d5     9%          1
b - Scorch                Fire           22%        2d6       5%          2

Your spell library contained the following spells:

 Spells                   Type           Power      Damage    Failure   Level
 Inner Flame              Hex/Fire       7%         N/A       26%         3


Dungeon Overview and Level Annotations

Branches:
Dungeon (2/15)

Altars:


Innate Abilities, Weirdness & Mutations

You have very sharp teeth.
Your uncanny sense of smell can sniff out nearby items.
Your experience applies equally to all skills.


Message History

The orc priest shouts!
The orc priest calls upon Beogh to heal the orc priest.
The orc priest is healed somewhat.
The orc priest hits you with a +0 hand axe.
You hear a shout!
Casting: Scorch (safe; 6% risk of failure)
Confirm with . or Enter, or press ? or * to list all spells.
Flames lash the orc priest.
The orc priest is burned terribly!
You kill the orc priest!
You have reached level 5!
You start resting.
An orc priest is nearby!
The orc priest hits you with a +0 club.
Casting: Scorch (safe; 5% risk of failure)
Confirm with . or Enter, or press ? or * to list all spells.
Flames lash the orc priest.
The orc priest is lightly wounded.
The orc priest's fire resistance burns away.
The orc priest calls down the wrath of Beogh upon you.
Beogh smites you!
Casting: Scorch (safe; 5% risk of failure)
Confirm with . or Enter, or press ? or * to list all spells.
Flames lash the orc priest.
The orc priest is burned terribly!
The orc priest is almost dead.
You hear a shout!
The orc priest misses you.
You hit the orc priest but do no damage.
The orc priest is almost dead.
The orc priest closely misses you.
You hit the orc priest but do no damage.
The orc priest is almost dead.
The orc priest calls down the wrath of Beogh upon you.
Beogh smites you!
* * * LOW HITPOINT WARNING * * *
You closely miss the orc priest.
You bite the orc priest, but do no damage.
The orc priest is almost dead.
The orc priest mumbles some strange prayers to Beogh against you.
Beogh smites you!
You die...

..... #..####
#... #... #..
#.# #o# #.#
#B#).##
########o#...
#.|....@.#...
##.######.#<.
#.........#..
#.'######...#
#.#.....##..##
#.#.....#.#..#
#.#
#.#†....#..#.#
#.#
#.#.....#..#.#
#.#
#.#.....#..#.#
#####.####


You could see an orc priest (combustible), an orc and a giant cockroach.

Vanquished Creatures
  An orc priest (D:2)
  Jessica (D:2)
  4 adders (D:2)
  2 dart slugs
  4 bats
  7 endoplasms
  2 giant cockroaches
  3 goblins
  6 hobgoblins
  A quokka (D:1)
  3 ball pythons
  4 frilled lizards
  6 kobolds
  4 rats
48 creatures vanquished.

Notes
Turn   | Place    | Note
-------+----------+-------------------------------------------
     0 | D:1      | epen the Gnoll Wanderer began the quest for the Orb.
     0 | D:1      | epen set off with the following items: a +0 club, a +0 pair
                  | of boots, a scroll of vulnerability, a +0 leather armour, a
                  | potion of attraction; and the following spell memorised:
                  | Foxfire; and the following spells available to memorise:
                  | Scorch, Inner Flame.
     0 | D:1      | Reached XP level 1. HP: 23/23 MP: 4/4
   237 | D:1      | Reached XP level 2. HP: 27/29 MP: 5/5
   318 | D:1      | Learned a level 2 spell: Scorch
   636 | D:1      | Found a faded altar of an unknown god.
   833 | D:1      | Reached XP level 3. HP: 35/35 MP: 7/7
  1269 | D:2      | Noticed Jessica
  1297 | D:2      | Reached skill level 1 in Short Blades
  1297 | D:2      | Reached skill level 1 in Long Blades
  1297 | D:2      | Reached skill level 1 in Axes
  1297 | D:2      | Reached skill level 1 in Maces & Flails
  1297 | D:2      | Reached skill level 1 in Polearms
  1297 | D:2      | Reached skill level 1 in Staves
  1297 | D:2      | Reached skill level 1 in Ranged Weapons
  1297 | D:2      | Reached skill level 1 in Throwing
  1297 | D:2      | Reached skill level 1 in Armour
  1297 | D:2      | Reached skill level 1 in Dodging
  1297 | D:2      | Reached skill level 1 in Shields
  1297 | D:2      | Reached skill level 1 in Unarmed Combat
  1297 | D:2      | Reached skill level 1 in Evocations
  1309 | D:2      | Reached XP level 4. HP: 32/41 MP: 2/8
  1420 | D:2      | Killed Jessica
  1421 | D:2      | Reached skill level 1 in Conjurations
  1421 | D:2      | Reached skill level 1 in Hexes
  1421 | D:2      | Reached skill level 1 in Summonings
  1421 | D:2      | Reached skill level 1 in Necromancy
  1421 | D:2      | Reached skill level 1 in Translocations
  1421 | D:2      | Reached skill level 1 in Transmutations
  1421 | D:2      | Reached skill level 1 in Ice Magic
  1421 | D:2      | Reached skill level 1 in Air Magic
  1421 | D:2      | Reached skill level 1 in Earth Magic
  1421 | D:2      | Reached skill level 1 in Poison Magic
  1747 | D:2      | Reached XP level 5. HP: 33/47 MP: 4/9
  1757 | D:2      | Killed from afar by an orc priest

Illustrated notes

Levels and vault maps discovered:
D:1:      dpeg_arrival_rhombus, layout_basic,
          dreamdust_ecumenical_altar_hidden_monk_grotto
D:2:      cheibrodos_pilgrimage, layout_rooms, minmay_3d_cube,
          uniq_crazy_yiuf_cottage, uniq_jessica

Skill      XL: |  1  2  3  4 |
---------------+-------------+-----
Short Blades   | 1 |  1.4
Long Blades    | 1 |  1.4
Axes           | 1 |  1.4
Maces & Flails | 1 |  1.4
Polearms       | 1 |  1.4
Staves         | 1 |  1.4
Ranged Weapons | 1 |  1.4
Throwing       | 1 |  1.4
Armour         | 1 |  1.4
Dodging        | 1 |  1.4
Shields        | 1 |  1.4
Unarmed Combat | 1 |  1.4
Evocations     | 1 |  1.4
Spellcasting   | 3 |  3.1
Conjurations   | 1 |  1.1
Hexes          | 1 |  1.1
Summonings     | 1 |  1.1
Necromancy     | 1 |  1.1
Translocations | 1 |  1.1
Transmutations | 1 |  1.1
Ice Magic      | 1 |  1.1
Air Magic      | 1 |  1.1
Earth Magic    | 1 |  1.1
Poison Magic   | 1 |  1.1
Invocations    | 3 |  3.0
Fighting       | |  6.7
Stealth        | |  4.4
Fire Magic     | |  5.5

Action                     |  1- 3 |  4- 6 || total
---------------------------+-------+-------++-------
  Melee: Club              |    35 |       ||    35
         Bite              |    13 |     8 ||    21
         Dagger            |    79 |    42 ||   121
         Punch             |       |     1 ||     1
   Cast: Scorch            |     8 |     9 ||    17
    Use: Scroll            |       |     4 ||     4
   Stab: Sleeping          |    10 |     5 ||    15
 Armour: Leather armour    |    51 |    17 ||    68
  Dodge: Dodged            |    77 |    42 ||   119

Table legend: (Time is in decaauts)
 A = Elapsed time spent in this place.
 B = Non-inter-level travel time spent in this place.
 C = Inter-level travel time spent in this place.
 D = Time resting spent in this place.
 E = Time spent auto-exploring this place.
 F = Levels seen in this place.
 G = Mean time per level.
                   A        B        C        D        E       F      G
               +--------+--------+--------+--------+--------+-----+--------+
         Total |   1762 |   1694 |     68 |    244 |   1019 |   2 |  881.0 |
       Dungeon |   1762 |   1694 |     68 |    244 |   1019 |   2 |  881.0 |
               +--------+--------+--------+--------+--------+-----+--------+

Top non-repeatable levels by time:
     D:1: 1133 daAuts
     D:2: 629 daAuts
